Map: Acropolis LE

Players

Dark

  • Race: Zerg Zerg
  • Spawn Location: 5:00

ShoWTimE - Winner!

  • Race: Protoss Protoss
  • Spawn Location: 11:00

Event: 2019 WCS Global FInals

VOD

Have the link to the VOD?

Description

Time

  • Played on: Oct. 23, 2019, 11:04 p.m.
  • Length: 13:04

All games in this series

Show
View Real Time Build Order
Export as new Build Order

Dark Zerg 

Build Orders: Hatch First 

Get SALT Encoding   

  12  0:00  Drone  
  13  0:12  Overlord  
  13  0:16  Drone  
  14  0:31  Drone x2  
  16  0:48  Hatchery  
  15  0:50  Drone  
  15  0:55  Drone  
  17  0:57  Drone  
  18  1:08  Extractor  
  17  1:12  Spawning Pool  
  17  1:15  Drone  
  17  1:20  Drone  
  18  1:33  Drone  
  18  1:39  Drone  
  20  1:50  Hatchery  
  20  1:51  Drone  
  20  1:59  Queen  
  22  2:02  Drone  
  22  2:04  Zergling x2  
  24  2:13  Queen  
  26  2:19  Overlord  
  26  2:23  Drone  
  26  2:28  Drone  
  28  2:37  Drone x2  
  28  2:39  Drone  
  28  2:43  Zergling x2  
  32  2:45  Drone  
  32  2:49  Queen  
  34  3:00  Drone  
  34  3:01  Queen  
  34  3:02  Overlord  
  34  3:03  Drone  
  38  3:06  Drone  
  38  3:10  Drone  
  40  3:17  Overlord  
  40  3:19  Drone x2  
  42  3:20  Metabolic Boost  
  42  3:23  Drone  
  42  3:25  Drone x3  
  46  3:33  Drone x2  
  48  3:37  Queen  
  50  3:41  Overlord  
  50  3:43  Drone x2  
  50  3:47  Spore Crawler, Evolution Chamber  
  50  3:48  Spore Crawler, Zergling x2  
  50  3:50  Zergling x2  
  50  3:51  Zergling x2  
  50  3:55  Zergling x2  
  53  3:59  Spore Crawler  
  52  4:03  Drone x4  
  52  4:04  Drone, Extractor  
  52  4:06  Drone  
  57  4:11  Overlord  
  57  4:13  Drone x2  
  57  4:16  Zerg Melee Weapons Level 1  
  59  4:18  Drone x2  
  59  4:22  Drone x2  
  62  4:31  Drone x2  
  62  4:34  Baneling Nest  
  62  4:35  Drone  
  62  4:36  Drone  
  64  4:40  Drone x3  
  64  4:41  Drone x2  
  65  4:53  Drone x8  
  65  4:55  Drone  
  73  5:02  Hatchery  
  73  5:06  Overlord  
  72  5:11  Roach Warren, Lair  
  72  5:14  Zergling x4  
  73  5:15  Overlord  
  73  5:19  Overlord  
  73  5:22  Extractor x2  
  73  5:23  Overlord  
  73  5:25  Zergling x6  
  73  5:26  Zergling x2  
  75  5:30  Zergling x2  
  75  5:31  Overlord  
  75  5:35  Zergling x2  
  77  5:38  Baneling x7  
  77  5:39  Zergling x2  
  74  5:43  Zergling x12  
  79  5:51  Zergling x2  
  79  5:52  Zergling x6  
  79  5:54  Zergling x2  
  79  5:55  Zergling x2  
  85  6:06  Zergling x2  
  85  6:07  Zergling x2  
  85  6:08  Zergling x2  
  85  6:11  Drone x2  
  79  6:13  Drone x3  
  79  6:14  Drone  
  79  6:15  Drone, Zerg Melee Weapons Level 2  
  79  6:16  Drone x3, Glial Reconstitution  
  86  6:18  Queen  
  86  6:22  Drone  
  89  6:26  Overlord  
  89  6:31  Drone x2  
  91  6:33  Drone  
  91  6:35  Hatchery  
  91  6:39  Drone x3  
  91  6:41  Drone  
  91  6:42  Drone x2  
  91  6:44  Drone  
  95  6:47  Infestation Pit  
  95  6:48  Drone x4  
  95  6:49  Evolution Chamber  
  95  6:52  Centrifical Hooks  
  95  6:53  Drone x2  
  95  6:54  Drone x2  
  101  6:55  Drone  
  101  6:56  Spore Crawler  
  101  7:00  Roach x3  
  106  7:06  Roach  
  106  7:07  Extractor, Roach x3  
  106  7:08  Extractor  
  112  7:12  Roach x2  
  112  7:13  Overlord  
  115  7:19  Zergling x2  
  115  7:20  Zergling x2  
  116  7:24  Overlord x2, Overseer  
  116  7:28  Zerg Ground Armor Level 1  
  116  7:32  Drone x4  
  116  7:35  Drone x3  
  116  7:36  Drone x5  
  128  7:38  Extractor x2  
  128  7:41  Overlord  
  128  7:43  Pneumatized Carapace  
  126  7:50  Roach x7  
  135  7:58  Overlord  
  135  8:04  Overseer  
  135  8:05  Nydus Network  
  135  8:07  Zergling x22  
  145  8:15  Zergling x12  
  151  8:21  Ravager x3  
  151  8:22  Ravager  
  151  8:23  Hive  
  151  8:25  Overlord x2  
  151  8:26  Zergling x10  
  151  8:27  Zergling x6  
  162  8:36  Roach  
  163  8:42  Overlord  
  163  8:49  Zergling x2  
  163  8:50  Nydus Canal, Zergling x8  
  163  8:52  Zergling x18  
  177  8:57  Zergling x10  
  177  8:58  Baneling x5  
  177  8:59  Baneling  
  177  9:00  Baneling x14  
  177  9:01  Baneling x8  
  182  9:03  Overlord  
  174  9:18  Drone x3  
  174  9:19  Spire  
  174  9:20  Zergling x10  
  174  9:21  Overlord  
  174  9:22  Overlord, Baneling x8  
  174  9:23  Drone  
  174  9:24  Drone x2  
  184  9:25  Baneling  
  184  9:26  Baneling x2  
  177  9:35  Zergling x2  
  177  9:36  Zergling x28  
  166  9:40  Zergling x6  
  140  9:46  Roach x2  
  140  9:47  Zergling x4  
  140  9:48  Adrenal Glands  
  140  9:51  Hatchery  
  144  9:58  Baneling x7  
  144  9:59  Zergling x20  
  154  10:08  Overlord  
  154  10:10  Zergling x16  
  154  10:11  Baneling  
  154  10:12  Baneling x5  
  162  10:14  Baneling  
  162  10:15  Baneling x3  
  162  10:20  Overseer  
  162  10:24  Drone  
  161  10:30  Zergling x10  
  161  10:31  Zergling x20  
  161  10:34  Zergling x4  
  178  10:39  Greater Spire  
  178  10:53  Corruptor x4  
  178  10:54  Corruptor  
  186  11:04  Overlord  
  186  11:06  Baneling x17  
  186  11:07  Ravager x4  
  186  11:08  Zergling x14  
  196  11:31  Zergling x14  
  195  11:37  Zergling x2  
  184  11:41  Zergling x20  
  188  11:53  Zergling x42  
  181  11:59  Roach x3  
  181  12:01  Roach  
  147  12:04  Zergling x2  
  147  12:05  Zergling x2  
  147  12:06  Zergling x2  
  131  12:15  Zergling x12  
  128  12:18  Drone  
  128  12:21  Drone  
  119  12:23  Drone  
  119  12:29  Corruptor x4  
Show
View Real Time Build Order
Export as new Build Order

ShoWTimE Protoss - Winner!

Build Orders: 1 Gate Expand, Oracle Opening, Phoenix Opening, Archon Immortal 

Get SALT Encoding   

  12  0:00  Probe  
  13  0:12  Probe  
  14  0:18  Pylon  
  14  0:24  Probe (Chrono Boost)  
  15  0:36  Probe (Chrono Boost)  
  15  0:40  Gateway  
  16  0:45  Probe (Chrono Boost)  
  16  0:47  Assimilator  
  17  0:51  Probe  
  18  1:03  Probe  
  19  1:15  Probe  
  20  1:23  Nexus  
  20  1:27  Probe  
  21  1:37  Cybernetics Core  
  21  1:43  Assimilator  
  21  1:46  Probe  
  22  1:52  Pylon  
  22  1:58  Probe  
  23  2:10  Probe  
  23  2:11  Adept (Chrono Boost)  
  26  2:16  Stargate  
  26  2:22  Warp Gate, Probe  
  27  2:34  Adept  
  27  2:35  Probe (Chrono Boost)  
  27  2:36  Probe (Chrono Boost)  
  32  2:45  Probe x2 (Chrono Boost)  
  32  2:50  Probe x2 (Chrono Boost)  
  35  3:00  Phoenix (Chrono Boost)  
  35  3:01  Probe  
  35  3:02  Probe  
  39  3:07  Adept  
  41  3:13  Probe  
  41  3:14  Probe  
  41  3:16  Pylon  
  43  3:25  Probe  
  43  3:26  Probe  
  45  3:32  Oracle (Chrono Boost)  
  45  3:35  Assimilator  
  45  3:36  Pylon  
  45  3:37  Assimilator, Probe  
  45  3:40  Probe  
  50  3:48  Gateway  
  50  3:49  Probe  
  50  3:52  Probe  
  52  4:00  Oracle (Chrono Boost)  
  52  4:01  Probe  
  56  4:04  Probe  
  56  4:08  Robotics Facility  
  57  4:10  Pylon  
  57  4:12  Pylon  
  57  4:13  Probe  
  57  4:16  Probe  
  59  4:21  Gateway, Adept  
  61  4:25  Probe  
  61  4:30  Probe  
  61  4:31  Oracle (Chrono Boost)  
  63  4:38  Probe  
  67  4:44  Sentry  
  69  4:56  Nexus  
  69  4:57  Pylon, Sentry  
  69  4:58  Observer  
  69  4:59  Probe x2  
  70  5:14  Pylon  
  70  5:15  Probe x2  
  70  5:17  Shield Battery, Sentry  
  70  5:20  Immortal (Chrono Boost)  
  78  5:26  Forge  
  78  5:27  Twilight Council  
  78  5:29  Pylon  
  78  5:32  Probe x2  
  78  5:33  Sentry  
  78  5:34  Zealot  
  84  5:45  Probe x2  
  86  5:53  Zealot  
  86  5:56  Pylon  
  90  5:57  Probe x2  
  90  5:59  Zealot x2, Protoss Ground Weapons Level 1 (Chrono Boost)  
  92  6:07  Charge (Chrono Boost)  
  92  6:09  Probe x3  
  85  6:15  Assimilator  
  85  6:18  Shield Battery, Sentry  
  85  6:19  Zealot x2  
  85  6:20  Assimilator  
  85  6:21  Probe x2  
  85  6:23  Gateway  
  93  6:26  Gateway  
  93  6:28  Probe  
  94  6:33  Probe x2  
  94  6:37  Immortal (Chrono Boost)  
  100  6:45  Templar Archives, Sentry x2  
  100  6:46  Gateway  
  104  6:52  Photon Cannon  
  104  7:00  Gateway x2  
  104  7:06  Immortal  
  104  7:07  Zealot  
  106  7:13  Gateway  
  106  7:14  Gateway  
  110  7:18  Zealot  
  112  7:33  Nexus  
  112  7:34  Pylon  
  112  7:42  High Templar x2  
  116  7:45  Pylon x2  
  116  7:47  Pylon, Protoss Ground Weapons Level 2 (Chrono Boost)  
  116  7:48  Immortal (Chrono Boost)  
  116  7:49  Archon  
  116  7:53  Probe x2  
  116  7:54  Probe  
  122  7:58  High Templar  
  122  8:02  Pylon  
  122  8:03  Pylon  
  122  8:04  High Templar x2  
  122  8:05  High Templar  
  130  8:07  Probe x2  
  130  8:10  Archon x2  
  130  8:12  Shield Battery  
  132  8:15  Shield Battery  
  132  8:17  Warp Prism (Chrono Boost)  
  132  8:19  Photon Cannon, Shield Battery  
  132  8:22  Photon Cannon  
  134  8:30  Probe x3  
  137  8:40  Assimilator  
  137  8:42  Photon Cannon, Probe  
  137  8:44  Assimilator, High Templar x2  
  137  8:45  Photon Cannon  
  137  8:47  Photon Cannon  
  140  8:50  High Templar x2  
  140  8:51  Zealot x2  
  140  8:52  Zealot  
  150  8:55  Archon  
  150  8:58  Zealot  
  150  8:59  Archon  
  150  9:01  High Templar x2  
  156  9:05  Archon  
  156  9:12  Zealot x2  
  156  9:20  Zealot x2, High Templar x2  
  164  9:25  Pylon, Archon  
  164  9:27  Gateway x2, Pylon  
  162  9:35  Zealot x3  
  154  9:42  Zealot x5  
  154  9:44  Immortal (Chrono Boost)  
  140  9:53  High Templar x2  
  140  9:56  Gateway  
  140  9:57  Probe x2  
  140  9:59  Archon  
  146  10:01  Gateway  
  146  10:05  Pylon  
  146  10:10  High Templar x2  
  146  10:11  High Templar x4  
  146  10:13  Zealot  
  160  10:15  Warp Prism  
  160  10:16  Archon x2, Protoss Shields Level 1 (Chrono Boost)  
  160  10:17  Zealot, Archon  
  164  10:26  Photon Cannon  
  164  10:29  Zealot x3  
  164  10:35  Blink (Chrono Boost)  
  170  10:45  Zealot x7  
  170  10:49  High Templar  
  186  10:50  High Templar  
  186  10:54  Zealot x3, Archon  
  192  10:58  Stalker  
  192  11:01  Zealot  
  191  11:05  Probe  
  191  11:07  Probe  
  191  11:09  Zealot x2  
  194  11:12  Probe  
  194  11:17  Probe, High Templar  
  199  11:21  High Templar  
  200  11:31  Zealot x5  
  200  11:32  Zealot x2  
  200  11:37  Archon  
  200  11:39  Zealot x2  
  194  11:49  Zealot x3  
  188  11:57  Zealot x6  
  166  12:05  High Templar x5  
  160  12:11  Archon x2, High Templar  
  145  12:16  High Templar x2  
  145  12:18  Probe x2  
  145  12:20  Archon x2  
  133  12:25  Nexus, High Templar x4  
  133  12:26  Zealot x2  
  133  12:30  Archon x2  
  133  12:43  Zealot x5  
  121  12:47  Zealot x3  
Tags
 
Add a new tag
Caveats
  • Supply blocks, unpowered buildings, or Contaminate may cause inaccurate times.
  • Supply counts are checked every 10 seconds.